 Dungeon Crawl Stone Soup version 0.30-a0-137-gd8773701ce (webtiles) character file.

Game seed: 6280655387184640917

9676 jimonade the Marksant (level 11, -16/72 HPs)
             Began as a Formicid Hunter on Sept 21, 2022.
             Was a Priest of Hepliaklqana.
             Demolished by Fannar
             ... wielding a +0 quarterstaff of freezing
              (29 damage)
             ... on level 10 of the Dungeon.
             The game lasted 00:30:57 (10398 turns).

jimonade the Marksant (Formicid Hunter)            Turns: 10398, Time: 00:30:57

Health: -16/72     AC: 14    Str: 16    XL:     11   Next: 78%
Magic:  23/23      EV: 11    Int: 11    God:    Hepliaklqana [***...]
Gold:   820        SH:  4    Dex: 19    Spells: 11/11 levels left

rFire   . . .      SeeInvis +    a - +1 shortbow
rCold   . . .      Faith    .    y - +0 buckler
rNeg    . . .      Spirit   .    L - +4 ring mail
rPois   .          Reflect  .    (helmet unavailable)
rElec   .          Harm     .    m - +2 cloak
rCorr   +          Rampage  .    h - +0 pair of gloves {Stlth+}
Will    +....                    e - +0 pair of boots
Stlth   +++.......               t - amulet of regeneration
HPRegen 1.02/turn                J - ring of magical power
MPRegen 0.18/turn                f - ring of resist corrosion

@: no status effects
A: reduced essence, permanent stasis, dig shafts and tunnels, antennae 3, four
strong arms
a: Dig, Shaft Self, Renounce Religion, Recall Ancestor, Ancestor Identity,
Transference


You were on level 10 of the Dungeon.
You worshipped Hepliaklqana.
Hepliaklqana was most pleased with you.
You visited 2 branches of the dungeon, and saw 11 of its levels.
You also visited: Bailey.

You collected 820 gold pieces.

Inventory:

Hand Weapons
 a - a +1 shortbow (weapon)
 b - a +0 arbalest
 j - a +0 halberd
 u - a +0 trident
 z - a +0 short sword of freezing
 B - a +3 dagger
 I - the +7 falchion of Gozag, Feeding {vorpal, rPois Stlth+}
   (You found it on level 6 of the Dungeon)

   It inflicts extra damage upon your enemies.
   rPois:     It protects you from poison.
   Stlth:     It makes you more stealthy.
 N - a +2 spectral quarterstaff
 P - a +2 long sword
 Q - a +4 spear of freezing
 V - a +2 vampiric halberd
Missiles
 g - 26 javelins
 n - 2 throwing nets
 C - 30 poisoned darts
Armour
 c - a +0 leather armour
 e - a +0 pair of boots (worn)
 h - a +0 pair of gloves of stealth (worn)
 m - a +2 cloak (worn)
 y - a +0 buckler (worn)
 F - a +0 troll leather armour
 L - a +4 ring mail (worn)
 O - the +1 robe of Atheism {rElec Archmagi}
   (You found it on level 10 of the Dungeon)

   rElec:     It insulates you from electricity.
   Archmagi:  It increases the power of your magical spells.
Magical Staves
 k - a staff of fire
 A - a staff of cold
Jewellery
 f - a ring of resist corrosion (right hand)
 t - an amulet of regeneration (around neck)
 J - a ring of magical power (left hand)
 W - an amulet of faith
Wands
 d - a wand of charming (8)
 K - a wand of digging (9)
 X - a wand of iceblast (1)
Scrolls
 i - 6 scrolls of enchant armour
 l - a scroll of silence
 p - a scroll of vulnerability
 r - 2 scrolls of poison
 s - 2 scrolls of butterflies
 w - a scroll of amnesia
 G - a scroll of blinking {unknown}
 M - a scroll of enchant weapon
 R - a scroll of identify
 T - 2 scrolls of immolation
 Y - a scroll of fear
Potions
 o - 7 potions of curing
 q - 2 potions of lignification
 v - 6 potions of mutation
 x - 4 potions of might
 D - a potion of flight
 E - 3 potions of invisibility
 H - 3 potions of ambrosia
 S - a potion of magic {unknown}
 U - 2 potions of cancellation {unknown}


   Skills:
 + Level 5.6 Fighting
 + Level 16.3 Ranged Weapons
 + Level 2.6 Armour
 - Level 1.7 Dodging
 * Level 3.8 Stealth
 - Level 0.6 Spellcasting
 * Level 4.4 Invocations


You had 11 spell levels left.
You didn't know any spells.
Your spell library contained the following spells:

 Spells                   Type           Power      Damage    Failure   Level
 Sandblast                Erth           0%         2d4       63%         1
 Passwall                 Tmut/Erth      0%         N/A       77%         2
 Ignite Poison            Fire/Tmut/Pois 0%         N/A       94%         3
 Stone Arrow              Conj/Erth      0%         3d7       94%         3
 Summon Guardian Golem    Hex/Summ       0%         N/A       94%         3
 Animate Dead             Necr           0%         N/A       100%        4
 Sticky Flame             Conj/Fire      0%         2d3       100%        4
 Borgnjor's Vile Clutch   Necr/Erth      0%         N/A       100%        5
 Death Channel            Necr           0%         N/A       100%        6
 Orb of Destruction       Conj           0%         9d5       100%        7
 Spellforged Servitor     Conj/Summ      0%         N/A       100%        7


Dungeon Overview and Level Annotations

Branches:
Dungeon (10/15)            Temple (1/1) D:4             Orc (0/2) D:10
 Bailey (visited)
   Lair: D:8-11

Altars:
Ashenzari
Cheibriados
Dithmenos
Elyvilon
Fedhas
Gozag
Hepliaklqana
Kikubaaqudgha
Makhleb
Nemelex Xobeh
Okawaru
Qazlal
Ru
Sif Muna
Trog
Uskayaw
Vehumet
Wu Jian
Xom
Yredelemnul
Zin
The Shining One

Shops:
D:2 :   D:10 *

Annotations:
D:8 Erica
D:10 Fannar


Innate Abilities, Weirdness & Mutations

Your life essence is reduced to manifest your ancestor. (-10% HP)
You cannot be hasted, slowed, berserked, paralysed or teleported.
You can dig through walls and to a lower floor.
You have a pair of large antennae on your head. (SInv)
Your four strong arms can wield two-handed weapons with a shield.


Message History

Fire: a) +1 shortbow
Press: ? - help, Q - select action, (/) - cycle Shift-Dir - straight line, f/p - Fannar
Aim: Fannar, wielding a +0 quarterstaff of freezing, wearing a +2 robe of cold resistance and wearing a ring of ice (ally target, 58% to hit)
You shoot an arrow. Schminn avoids your attack.
The arrow barely misses Fannar.
Schminn hits Fannar but does no damage.
Fire: a) +1 shortbow
Press: ? - help, Q - select action, (/) - cycle Shift-Dir - straight line, f/p - Fannar
Aim: Fannar, wielding a +0 quarterstaff of freezing, wearing a +2 robe of cold resistance and wearing a ring of ice (ally target, 58% to hit)
You shoot an arrow. Schminn avoids your attack.
The arrow hits Fannar but does no damage.
Fannar hits Schminn but does no damage.
Schminn hits Fannar with a +0 flail.
Fire: a) +1 shortbow
Press: ? - help, Q - select action, (/) - cycle Shift-Dir - straight line, f/p - Fannar
Aim: Fannar, wielding a +0 quarterstaff of freezing, wearing a +2 robe of cold resistance and wearing a ring of ice (lightly wounded, ally target, 58% to hit)
You shoot an arrow. Schminn avoids your attack.
The arrow misses Fannar.
Fannar mumbles some strange words.
Schminn hits Fannar with a +0 flail!
Fire: a) +1 shortbow
Press: ? - help, Q - select action, (/) - cycle Shift-Dir - straight line, f/p - Fannar
Aim: Fannar, wielding a +0 quarterstaff of freezing, wearing a +2 robe of cold resistance and wearing a ring of ice (moderately wounded, ally target, 58% to hit)
You shoot an arrow. Schminn avoids your attack.
The arrow hits Fannar!
Fannar is moderately wounded.
Fannar gestures at you while chanting.
The bolt of cold hits Schminn!
Schminn resists.
Schminn is destroyed!
The bolt of cold hits you!
* * * LOW HITPOINT WARNING * * *
Fire: a) +1 shortbow
Press: ? - help, Q - select action, (/) - cycle Shift-Dir - straight line, f/p - Fannar
Aim: Fannar, wielding a +0 quarterstaff of freezing, wearing a +2 robe of cold resistance and wearing a ring of ice (moderately wounded, 58% to hit)
You shoot an arrow. The arrow hits Fannar!
Fannar is heavily wounded.
Fire: a) +1 shortbow
Press: ? - help, Q - select action, (/) - cycle Shift-Dir - straight line, f/p - Fannar
Aim: Fannar, wielding a +0 quarterstaff of freezing, wearing a +2 robe of cold resistance and wearing a ring of ice (heavily wounded, 58% to hit)
You shoot an arrow. The arrow closely misses Fannar.
Fannar casts a spell.
Fannar drains the heat from the surrounding environment!
You die...

#########
#......ยง.
#..Y.....
#.e# #..#
#..# #.@#
#..# #..#
#..#######
####
#.........
....
#.......>.
....
#.........
....
#.########
#### #.#


You could see Fannar and an ice beast (summoned).

Vanquished Creatures
  Prince Ribbit (D:7)
  Sigmund (D:6)
  3 shadows (D:10)
  A wyvern (D:9)
  5 yaks (D:10)
  Edmund (D:5)
  Duvessa (D:5)
  A water moccasin (D:7)
  6 orc warriors
  An ice beast (D:6)
  A black bear (D:4)
  A sky beast (D:6)
  6 centaurs
  A phantom (D:10)
  A necrophage (D:4)
  4 scorpions
  3 wights (D:9)
  A troll zombie (D:10)
  8 killer bees
  2 howler monkeys
  6 orc priests
  A hound (D:7)
  An iguana (D:7)
  4 orc wizards
  An ogre zombie (D:10)
  12 gnolls
  6 adders
  A shadow imp (D:5)
  A white imp (D:5)
  2 worms
  5 dart slugs
  37 orcs
  8 endoplasms
  A giant cockroach (D:1)
  13 goblins
  10 hobgoblins
  2 jackals (D:3)
  4 quokkas
  6 ball pythons
  4 bats
  2 frilled lizards
  A goblin skeleton (D:10)
  15 kobolds
  An orc skeleton (D:10)
  6 orc zombies (D:10)
  8 rats
  A spectral goblin (D:4)
208 creatures vanquished.

Vanquished Creatures (collateral kills)
  2 two-headed ogres
  Maurice (D:8)
  An unseen horror (D:7)
  A troll (D:9)
  Grinder (D:5)
  A shadow (D:10)
  A yak (D:10)
  Eustachio (D:5)
  3 orc warriors (Bailey)
  An ice beast (D:7)
  A black bear (D:5)
  7 centaurs
  3 kobold brigands
  A scorpion (D:6)
  2 gnoll sergeants
  A necrophage (D:7)
  2 wights (D:9)
  A troll zombie (D:10)
  4 killer bees
  Dowan (D:5)
  An orc priest (D:10)
  2 gnoll boudas
  Ijyb (D:5)
  3 ogre zombies (D:10)
  4 gnolls
  2 shadow imps
  9 orcs
  2 kobolds (D:10)
  A goblin zombie (D:10)
  4 hobgoblin zombies (D:10)
  4 orc zombies (D:10)
69 creatures vanquished.

Vanquished Creatures (others)
  A human (D:4)
  An ancestor (D:7)
  6 knights
8 creatures vanquished.

Grand Total: 285 creatures vanquished

Notes
Turn   | Place    | Note
-------+----------+-------------------------------------------
     0 | D:1      | jimonade the Formicid Hunter began the quest for the Orb.
     0 | D:1      | Reached XP level 1. HP: 16/16 MP: 1/1
    76 | D:1      | Reached XP level 2. HP: 15/22 MP: 2/2
   364 | D:1      | Reached XP level 3. HP: 27/27 MP: 3/3
   419 | D:1      | Reached skill level 5 in Ranged Weapons
   926 | D:1      | Found a faded altar of an unknown god.
  1057 | D:2      | Reached XP level 4. HP: 29/33 MP: 4/4
  1442 | D:2      | Found Moefireo's Vocational Training.
  2144 | D:3      | Found a glowing golden altar of the Shining One.
  2221 | D:3      | Found a stormy altar of Qazlal.
  2272 | D:3      | Reached XP level 5. HP: 27/38 MP: 5/5
  2274 | D:3      | Reached skill level 6 in Ranged Weapons
  2864 | D:4      | Reached XP level 6. HP: 41/44 MP: 6/6
  2883 | D:4      | Found a staircase to the Ecumenical Temple.
  2894 | D:4      | Noticed a black bear
  2909 | D:4      | Killed a black bear
  2910 | D:4      | Reached skill level 7 in Ranged Weapons
  2921 | Temple   | Entered the Ecumenical Temple
  3433 | D:4      | Found a hazy altar of Hepliaklqana.
  3438 | D:4      | Reached XP level 7. HP: 50/50 MP: 7/7
  3446 | D:4      | Became a worshipper of Hepliaklqana the Forgotten
  3497 | D:4      | Reached skill level 8 in Ranged Weapons
  3674 | D:4      | Found an ancient bone altar of Kikubaaqudgha.
  3755 | D:4      | Noticed a human
  3758 | D:4      | Killed a human
  3915 | D:5      | Entered Level 5 of the Dungeon
  4038 | D:5      | Noticed Dowan
  4039 | D:5      | Noticed Eustachio
  4040 | D:5      | Noticed Duvessa
  4060 | D:5      | HP: 1/50 [Duvessa/+0 short sword (4)]
  4061 | D:5      | You fall into a shaft and drop 3 floors!
  4142 | D:7      | Reached skill level 9 in Ranged Weapons
  4149 | D:7      | Found a broken altar of Ashenzari.
  4207 | D:7      | Noticed Prince Ribbit
  4314 | D:7      | Reached * piety under Hepliaklqana
  4466 | D:7      | Noticed a water moccasin
  4476 | D:7      | Killed a water moccasin
  4477 | D:7      | Reached XP level 8. HP: 50/50 MP: 8/8
  4702 | D:6      | Noticed Sigmund
  4710 | D:6      | Killed Sigmund
  4711 | D:6      | Reached skill level 10 in Ranged Weapons
  4904 | D:6      | Identified the +7 falchion of Gozag, Feeding {vorpal, rPois
                  | Stlth+}
  5030 | D:5      | Noticed Ijyb
  5052 | D:5      | Killed Ijyb
  5071 | D:5      | Reached ** piety under Hepliaklqana
  5072 | D:5      | Remembered your ancestor Schminn as a knight
  5088 | D:5      | Noticed Edmund
  5103 | D:5      | Killed Edmund
  5104 | D:5      | Reached skill level 11 in Ranged Weapons
  5169 | D:5      | Found a blossoming altar of Fedhas.
  5217 | D:5      | Found a sparkling altar of Nemelex Xobeh.
  5219 | D:5      | Noticed Grinder
  5227 | D:5      | Killed Grinder
  5228 | D:5      | Reached XP level 9. HP: 54/54 MP: 9/9
  5349 | D:5      | Found an ornate altar of the Wu Jian Council.
  5646 | D:5      | Killed Dowan
  5647 | D:5      | Reached skill level 12 in Ranged Weapons
  5651 | D:5      | Killed Duvessa
  5820 | D:5      | Killed Eustachio
  6119 | D:7      | Found a hide-covered altar of Uskayaw.
  6403 | D:7      | Killed Prince Ribbit
  6453 | D:7      | Noticed an unseen horror
  6461 | D:7      | Killed an unseen horror
  6462 | D:7      | Reached skill level 13 in Ranged Weapons
  6462 | D:7      | Found an iron altar of Okawaru.
  6947 | D:8      | Reached XP level 10. HP: 50/60 MP: 10/10
  7169 | D:8      | Noticed a two-headed ogre
  7178 | D:8      | Killed a two-headed ogre
  7179 | D:8      | Reached skill level 14 in Ranged Weapons
  7212 | D:8      | Noticed Maurice
  7226 | D:8      | Killed Maurice
  7382 | D:8      | Found a basalt altar of Yredelemnul.
  7463 | D:8      | Noticed Erica
  7487 | D:8      | You fall into a shaft and drop 1 floor!
  7528 | D:9      | Found a flagged portal.
  7551 | Bailey   | Entered a bailey
  7706 | Bailey   | Reached skill level 15 in Ranged Weapons
  8183 | Bailey   | Reached XP level 11. HP: 64/64 MP: 11/11
  8660 | D:9      | Reached skill level 16 in Ranged Weapons
  8712 | D:9      | Reached skill level 1 in Invocations
  8827 | D:9      | Reached skill level 1 in Armour
  8884 | D:9      | Reached *** piety under Hepliaklqana
  9000 | D:9      | Found a white marble altar of Elyvilon.
  9229 | D:9      | Found a bloodstained altar of Trog.
  9513 | D:10     | Entered Level 10 of the Dungeon
  9580 | D:10     | Noticed a two-headed ogre
  9588 | D:10     | Killed a two-headed ogre
  9613 | D:10     | Identified the +1 robe of Atheism {rElec Archmagi}
  9680 | D:10     | Reached skill level 5 in Fighting
  9748 | D:10     | Found a sacrificial altar of Ru.
  9849 | D:10     | Found Umymaene's CLEARANCE SALE!.
 10074 | D:10     | Found a staircase to the Orcish Mines.
 10385 | D:10     | Noticed Fannar
 10398 | D:10     | Demolished by Fannar

Illustrated notes

Levels and vault maps discovered:
D:1:      dpeg_arrival_stone_temple_mockup, layout_loops_ring,
          shapermc_ecumenical_altar_petra
D:2:      layout_basic, nicolae_shop_vocational
D:3:      layout_basic, nicolae_tso_carved_into_rock, grunt_qazlal_clouds,
          st_stairs_3, minmay_misc_feat_plants, minmay_fountain_box,
          kennysheep_nub
D:4:      layout_loops_cross, tgw_kikubaaqudgha,
          nicolae_hepliaklqana_monster_ancestors, minmay_temple_entry_grid
D:5:      layout_basic, fedhas_altar_4, nicolae_overflow_crystal_walls,
          nemelex_altar_shiori, hangedman_decor_riveting, uniq_ijyb,
          uniq_grinder, uniq_edmund, uniq_duvessa, uniq_eustachio
D:6:      layout_gridville, uniq_sigmund
D:7:      minmay_evil_eye, layout_layer_cave, lemuel_tele_altar,
          okawaru_metal_pillars_1_2, nicolae_uskayaw_dance_hall, hex_large,
          minmay_misc_feat_rows, corexii_item_surrounded_by_moat,
          kennysheep_cross_bottleneck, kennysheep_generic_room_3,
          uniq_prince_ribbit1
D:8:      layout_cave_pods, yredelemnul_altar_generic, uniq_erica, uniq_maurice
D:9:      layout_roguey, elyvilon_altar_5, mainiacjoe_overflow_six_doors_small,
          enter_bailey_5, grunt_decor_arrowhead
D:10:     layout_long_grid, hangedman_ru_absence, zombieorc1_lemuel,
          nicolae_shop_clearance, uniq_fannar
Temple:   hellmonk_temple_forest_ring

Skill      XL: |  1  2  3  4  5  6  7  8  9 10 11 |
---------------+----------------------------------+-----
Ranged Weapons | 5 6 7 9 11 13 15 16 | 16.3
Invocations    | 4 |  4.4
Fighting       | 5 |  5.6
Armour         | 2 |  2.6
Stealth        | 3 |  3.8
Dodging        | |  1.7
Spellcasting   | |  0.6

Action                   |  1- 3 |  4- 6 |  7- 9 | 10-12 || total
-------------------------+-------+-------+-------+-------++-------
 Fire: Shortbow          |    99 |   170 |   264 |   492 ||  1025
       Arbalest          |       |       |       |     2 ||     2
Invok: Ancestor Life: Kn |       |       |     1 |       ||     1
       Ancestor Identity |       |       |     1 |       ||     1
       Recall Ancestor   |       |       |     2 |     7 ||     9
 Abil: Shaft Self        |       |       |     1 |     1 ||     2
  Use: Scroll            |       |       |    21 |     1 ||    22
       Potion            |       |       |       |     1 ||     1
Armor: Leather armour    |     9 |     1 |       |       ||    10
       Ring mail         |       |    69 |    34 |    36 ||   139
Dodge: Dodged            |    21 |    60 |    46 |    48 ||   175
Block: Buckler           |       |       |       |     1 ||     1

Table legend: (Time is in decaauts)
 A = Elapsed time spent in this place.
 B = Non-inter-level travel time spent in this place.
 C = Inter-level travel time spent in this place.
 D = Time resting spent in this place.
 E = Time spent auto-exploring this place.
 F = Levels seen in this place.
 G = Mean time per level.
                   A        B        C        D        E       F      G
               +--------+--------+--------+--------+--------+-----+--------+
         Total |  10429 |  10028 |    401 |    606 |   6534 |  12 |  869.1 |
       Dungeon |   9171 |   8771 |    400 |    530 |   6126 |  10 |  917.1 |
        Temple |    208 |    207 |      1 |     39 |    140 |   1 |  208.0 |
        Bailey |   1049 |   1049 |      0 |     37 |    268 |   1 | 1049.0 |
               +--------+--------+--------+--------+--------+-----+--------+

Top non-repeatable levels by time:
     D:7: 1341 daAuts
     D:3: 1295 daAuts
     D:5: 1122 daAuts
  Bailey: 1049 daAuts
     D:1: 991 daAuts
     D:9: 942 daAuts
     D:4: 910 daAuts
    D:10: 859 daAuts
     D:8: 678 daAuts
     D:2: 620 daAuts
     D:6: 408 daAuts
  Temple: 208 daAuts
